 Dungeon Crawl Stone Soup version 0.27-a0-1548-gf8a67e7463 (webtiles) character file.

Game seed: 11855251829876619072

8 ezpacito the Skirmisher (level 2, 8/24 HPs)
             Began as a Demonspawn Berserker on July 14, 2021.
             Was a Follower of Trog.
             Quit the game on level 1 of the Dungeon.
             The game lasted 00:00:51 (319 turns).

ezpacito the Skirmisher (Demonspawn Berserker)       Turns: 319, Time: 00:00:52

Health: 8/24       AC:  2    Str: 17    XL:     2   Next: 0%
Magic:  2/2        EV: 12    Int:  8    God:    Trog [*.....]
Gold:   0          SH:  0    Dex: 12    Spells: 1/1 levels left

rFire    . . .     SeeInvis .   c - +3 dagger (venom)
rCold    . . .     Faith    .   (no shield)
rNeg     . . .     Spirit   .   b - +0 animal skin
rPois    .         Reflect  .   (no helmet)
rElec    .         Harm     .   (no cloak)
rCorr    .         Rampage  .   (no gloves)
Will     .....                  (no boots)
Stlth    +.........             (no amulet)
HPRegen  0.08/turn              (no ring)
MPRegen  0.08/turn              (no ring)

@: no status effects
A: claws 1
a: Renounce Religion, Berserk


You were on level 1 of the Dungeon.
You worshipped Trog.
Trog was aware of your devotion.
You visited 1 branch of the dungeon, and saw 1 of its levels.

Inventory:

Hand Weapons
 a - a +0 hand axe
 c - a +3 dagger of venom (weapon)
Armour
 b - a +0 animal skin (worn)
Scrolls
 d - a scroll of teleportation {unknown}


   Skills:
 + Level 3.2 Fighting
 * Level 3.0 Axes
 + Level 1.7 Armour
 + Level 1.8 Dodging


You had one spell level left.
You didn't know any spells.
Your spell library was empty.

Dungeon Overview and Level Annotations

Branches:
Dungeon (1/15)

Altars:

Shops:
D:1 =


Innate Abilities, Weirdness & Mutations

You have sharp fingernails.


Message History

The jackal barely misses you.
You see here a jackal corpse.
You closely miss the jackal.
The jackal barks!
The jackal bites you. The jackal barely misses you. x3
You hit the jackal.
The jackal is lightly wounded.
The jackal closely misses you.
You barely miss the jackal.
The jackal is lightly wounded.
The jackal closely misses you. The jackal completely misses you.
The jackal bites you but does no damage.
The jackal barely misses you.
You hit the jackal but do no damage.
The jackal is poisoned.
The jackal closely misses you.
The jackal bites you but does no damage.
The jackal closely misses you.
A kobold comes into view. It is wielding a +0 dagger.
The jackal closely misses you.
You closely miss the jackal.
The jackal bites you. x2; The jackal misses you.
The kobold shouts!
You hit the jackal.
The jackal looks as sick as possible!
The jackal is heavily wounded.
The jackal closely misses you. The jackal bites you.
The jackal barely misses you. The jackal bites you.
The jackal barely misses you. The jackal bites you.
You hit the jackal.
You kill the jackal!
Trog accepts your kill.
The jackal bites you but does no damage.
The jackal closely misses you.
You have reached level 2!
Your demonic ancestry asserts itself...
Your fingernails lengthen.
The jackal closely misses you. The jackal barely misses you.
The jackal bites you. The jackal closely misses you.
Unknown command.
You aren't carrying any potions.
Are you sure you want to abandon this character and quit the game? (Confirm with "yes".)

#########
#.......#
#.......#
##.......#
.######..∩#
.......hhK#
.#####@#..K..(..
#.#######.# ##.#
#..# .. #.## ..
#.# .###.# ##
.[#.# #.. #
#.#.#.# #.#


You could see 2 jackals and a kobold.

Vanquished Creatures
  An endoplasm (D:1)
  A giant cockroach (D:1)
  A goblin (D:1)
  A hobgoblin (D:1)
  2 jackals (D:1)
6 creatures vanquished.

Notes
Turn   | Place    | Note
-------+----------+-------------------------------------------
     0 | D:1      | ezpacito the Demonspawn Berserker began the quest for the
                  | Orb.
     0 | D:1      | Reached XP level 1. HP: 18/18 MP: 1/1
   298 | D:1      | Found Hupn's Jewellery Shop.
   315 | D:1      | Gained mutation: You have sharp fingernails. [demonic
                  | ancestry]
   315 | D:1      | Reached XP level 2. HP: 9/24 MP: 2/2
   319 | D:1      | Quit the game

Illustrated notes

Levels and vault maps discovered:
D:1:      minmay_arrival_jagged, layout_rooms, serial_shops, shop, minivault_4

Skill      XL: |  1 |
---------------+----+-----
Axes           | 3 |  3.0
Fighting       | |  3.2
Armour         | |  1.7
Dodging        | |  1.8

Action                   || total
-------------------------++-------
Melee: Dagger            ||    12
       Hand axe          ||     7
Armor: Animal skin       ||     6
Dodge: Dodged            ||    29

Table legend: (Time is in decaauts)
 A = Elapsed time spent in this place.
 B = Non-inter-level travel time spent in this place.
 C = Inter-level travel time spent in this place.
 D = Time resting spent in this place.
 E = Time spent auto-exploring this place.
 F = Levels seen in this place.
 G = Mean time per level.
                   A        B        C        D        E       F      G
               +--------+--------+--------+--------+--------+-----+--------+
         Total |    319 |    319 |      0 |      0 |    277 |   1 |  319.0 |
       Dungeon |    319 |    319 |      0 |      0 |    277 |   1 |  319.0 |
               +--------+--------+--------+--------+--------+-----+--------+

Top non-repeatable levels by time:
     D:1: 319 daAuts
